Map: Dusk Towers

Players

Sea

  • Race: Terran Terran
  • League: Diamond

Wronglllllll - Winner!

  • Race: Zerg Zerg
  • League: Diamond

VOD

Have the link to the VOD?

Description

Time

  • Played on: Jan. 19, 2016, 3:36 a.m.
  • Length: 15:16
Show
View Real Time Build Order
Export as new Build Order

Sea Terran 

Build Orders: Reaper Expand, Bio Tank 

Get SALT Encoding   

  12  0:01  SCV  
  13  0:13  SCV  
  14  0:17  Supply Depot  
  14  0:25  SCV  
  15  0:39  SCV  
  15  0:42  Barracks  
  16  0:47  Refinery  
  16  0:51  SCV  
  17  1:03  SCV  
  18  1:15  SCV  
  19  1:31  Reaper, Orbital Command  
  20  1:40  Command Center  
  20  1:51  Supply Depot  
  20  1:56  SCV  
  21  2:03  Marine  
  22  2:08  SCV  
  22  2:12  Factory  
  23  2:17  Refinery  
  23  2:21  SCV  
  24  2:25  Barracks Reactor  
  24  2:32  Barracks  
  24  2:33  SCV  
  25  2:46  SCV  
  25  2:54  Orbital Command  
  25  2:58  SCV, Starport  
  26  3:02  Factory Tech Lab  
  26  3:04  Marine x2  
  28  3:10  SCV  
  29  3:20  SCV  
  29  3:22  SCV  
  29  3:24  Siege Tank  
  29  3:25  Marine x2  
  36  3:31  Supply Depot  
  36  3:32  SCV  
  38  3:34  Barracks Tech Lab  
  38  3:38  SCV  
  38  3:44  SCV  
  39  3:48  Refinery, Marine x2  
  39  3:50  SCV, Medivac  
  44  3:57  Supply Depot, SCV  
  44  4:01  Engineering Bay  
  44  4:02  Marine  
  45  4:04  SCV  
  45  4:06  Marine x2  
  49  4:12  Stimpack  
  49  4:16  SCV  
  51  4:17  SCV  
  51  4:20  Marine  
  51  4:22  Barracks  
  51  4:24  Marine  
  52  4:28  Siege Tank  
  52  4:31  SCV x2  
  58  4:38  Terran Infantry Weapons Level 1  
  58  4:41  Supply Depot  
  58  4:43  SCV, Marine  
  60  4:46  SCV  
  61  4:54  Starport Reactor  
  61  4:55  SCV  
  62  5:03  SCV  
  63  5:07  SCV  
  54  5:15  SCV  
  54  5:18  Supply Depot  
  54  5:19  SCV  
  54  5:20  Barracks Tech Lab  
  54  5:21  Marine x2  
  56  5:22  Supply Depot  
  56  5:24  Siege Tank  
  56  5:27  SCV  
  56  5:28  Barracks  
  62  5:31  SCV, Barracks  
  62  5:32  Medivac x2  
  67  5:39  SCV  
  68  5:42  Marine  
  68  5:43  Combat Shields, SCV, Marine  
  68  5:45  Marauder x2  
  74  5:51  SCV  
  74  5:55  Refinery, Missile Turret  
  74  5:56  SCV  
  76  6:00  Marine x2  
  76  6:03  SCV  
  79  6:06  Marine x2  
  81  6:13  Missile Turret  
  81  6:18  Marine x2  
  83  6:21  Barracks Reactor  
  83  6:22  Barracks Tech Lab  
  83  6:24  Marauder  
  85  6:30  Supply Depot  
  85  6:31  Supply Depot  
  85  6:36  Marine  
  86  6:41  Concussive Shells  
  86  6:45  Command Center  
  86  6:47  Terran Infantry Armor Level 1  
  86  6:49  Marauder x3  
  92  6:55  Supply Depot, Marine x2  
  92  7:10  Marauder x3, Marine x2  
  92  7:13  Marine x2  
  102  7:26  Siege Tank  
  102  7:28  Marine x2  
  107  7:31  Marine  
  107  7:32  Marauder x3  
  114  7:39  Marine  
  114  7:51  Marine  
  101  7:53  Marauder x3  
  101  7:54  Medivac x2  
  110  8:01  Siege Tank  
  110  8:03  Orbital Command  
  110  8:04  SCV x2  
  115  8:15  Marauder x2  
  115  8:16  SCV  
  115  8:17  Barracks  
  115  8:18  Barracks  
  120  8:23  Armory, Engineering Bay  
  120  8:33  Siege Tank  
  123  8:36  Medivac  
  123  8:37  Medivac  
  123  8:39  Marine  
  123  8:40  Marauder x2  
  132  8:45  Marine  
  133  8:51  Marauder  
  133  8:53  Supply Depot  
  135  9:01  Marauder x2, Marine  
  140  9:04  SCV  
  141  9:15  SCV, Siege Tank, Marauder  
  142  9:19  Marine  
  142  9:20  Marine  
  142  9:21  Marine  
  142  9:22  Marauder, Marine  
  142  9:23  Marauder  
  103  9:37  Marine, Marauder  
  106  9:40  Barracks Tech Lab x2  
  106  9:43  Terran Infantry Weapons Level 2  
  106  9:44  Marauder x2  
  108  9:47  Siege Tank  
  111  9:56  Marine x4  
  111  9:58  Marauder  
  117  10:02  Medivac  
  117  10:05  Marauder x2  
  123  10:15  Marauder x2  
  123  10:19  Refinery x2, Marauder  
  129  10:22  Supply Depot, Marine  
  129  10:23  Marine  
  129  10:24  Supply Depot  
  129  10:25  Terran Infantry Armor Level 2  
  129  10:27  Marauder x2  
  135  10:29  Command Center  
  135  10:36  Marauder x2, Marine  
  140  10:51  Marine  
  140  10:52  Marauder  
  138  11:02  Marine x2, Marauder x2  
  138  11:03  Marauder x2  
  133  11:10  Siege Tank  
  136  11:12  Medivac x2  
  136  11:13  Marauder  
  142  11:22  SCV  
  142  11:24  Marauder x2  
  147  11:31  Marauder x2, Marine x2  
  147  11:32  Barracks, Marine x2  
  155  11:35  Barracks, Marauder  
  157  11:42  Siege Tank  
  157  11:43  Supply Depot  
  157  11:44  Supply Depot, Marine, Terran Vehicle Weapons Level 1  
  157  11:45  Marine  
  162  11:53  Marauder  
  158  11:59  Marauder x2, Marine  
  148  12:12  Marauder, Marine x2  
  132  12:17  Marine  
  132  12:18  Marauder  
  119  12:22  Marauder  
  119  12:23  Marauder x2  
  119  12:24  Marine  
  119  12:25  Medivac x2  
  124  12:30  Marine x2  
  124  12:34  Marauder  
  124  12:35  Marine  
  129  12:39  Marauder  
  129  12:41  Marine  
  118  12:44  Marauder x2  
  118  12:48  Marauder, Marine  
  97  12:55  Marauder  
  93  12:59  Medivac  
  93  13:01  Marine  
  86  13:17  Siege Tank  
  86  13:18  Marauder x3, Marine  
  86  13:19  Marine, Marauder x2  
  101  13:20  Orbital Command  
  101  13:26  Marine x3  
  101  13:27  Marine  
  105  13:38  Marine x2  
  105  13:39  Marauder, Marine  
  110  13:47  Marine x2  
  110  13:48  Marauder, Marine  
  115  13:49  Marauder  
  117  13:57  Siege Tank  
  120  14:10  Marine x2  
  120  14:15  Marine x2  
  120  14:16  Marine  
  123  14:28  Marauder, Marine  
  111  14:39  Marauder, Marine  
  107  14:47  Marauder, Marine  
  98  14:56  Marine x2  
Show
View Real Time Build Order
Export as new Build Order

Wronglllllll Zerg - Winner!

Build Orders: Hatch First 

Get SALT Encoding   

  12  0:01  Drone  
  13  0:08  Drone  
  14  0:17  Overlord  
  14  0:24  Drone, Extractor  
  15  0:35  Drone  
  15  0:36  Drone  
  17  0:54  Hatchery  
  17  0:55  Drone  
  17  0:59  Drone  
  18  1:13  Spawning Pool  
  18  1:16  Drone  
  18  1:18  Drone  
  19  1:28  Drone  
  20  1:43  Hatchery  
  20  1:46  Drone  
  21  1:54  Drone  
  21  2:04  Zergling x2  
  21  2:05  Queen  
  24  2:09  Zergling x2  
  24  2:10  Queen  
  27  2:16  Zergling x2  
  27  2:18  Overlord  
  28  2:45  Drone x5  
  28  2:46  Queen  
  35  2:52  Overlord  
  35  2:54  Queen  
  35  2:55  Extractor  
  37  3:07  Drone  
  37  3:08  Drone x4  
  37  3:11  Queen  
  44  3:22  Drone  
  44  3:23  Drone x5  
  44  3:26  Overlord  
  50  3:30  Overlord  
  50  3:34  Extractor  
  50  3:35  Extractor  
  50  3:39  Drone  
  50  3:40  Drone  
  50  3:46  Queen  
  52  3:49  Queen  
  52  3:50  Drone  
  52  3:51  Drone x2  
  57  3:58  Drone  
  57  3:59  Drone x5  
  63  4:05  Overlord  
  63  4:10  Drone  
  63  4:11  Drone x2  
  66  4:31  Roach Warren  
  66  4:33  Zergling x18  
  66  4:35  Overlord x2  
  66  4:37  Overlord  
  74  4:45  Lair, Extractor  
  73  4:46  Extractor  
  72  4:54  Metabolic Boost  
  72  4:57  Drone x2  
  66  5:17  Drone x2  
  66  5:18  Drone x2  
  66  5:19  Drone x3  
  66  5:21  Overlord x8  
  73  5:25  Extractor  
  73  5:27  Extractor  
  71  5:33  Evolution Chamber  
  71  5:35  Evolution Chamber  
  69  5:51  Drone  
  69  5:52  Drone x7  
  77  5:58  Drone x3  
  77  5:59  Drone  
  77  6:00  Drone x2  
  77  6:01  Drone x2  
  77  6:03  Zerg Missile Weapons Level 1  
  77  6:04  Glial Reconstitution, Zerg Ground Armor Level 1  
  85  6:10  Pneumatized Carapace  
  85  6:21  Drone  
  85  6:22  Drone x3  
  85  6:25  Evolution Chamber  
  88  6:28  Roach  
  88  6:29  Roach x10  
  110  6:46  Roach x4  
  117  6:57  Hatchery  
  117  7:01  Roach x10  
  133  7:13  Ravager x4  
  133  7:15  Overlord x6  
  137  7:42  Zerg Melee Weapons Level 1  
  137  7:50  Zergling x22  
  118  8:05  Zerg Ground Armor Level 2, Zerg Missile Weapons Level 2  
  113  8:07  Roach  
  113  8:08  Roach x7  
  129  8:20  Roach x5  
  129  8:21  Roach x2  
  143  8:32  Roach x5  
  143  8:33  Spire, Roach x6  
  164  8:35  Ravager x3  
  164  8:37  Ravager  
  168  8:41  Queen  
  168  8:42  Overlord x2, Extractor  
  168  8:46  Extractor  
  168  8:55  Drone x3  
  170  8:56  Drone x2  
  170  8:57  Drone  
  174  9:05  Drone x9  
  174  9:06  Infestation Pit  
  174  9:08  Ravager x5  
  179  9:21  Roach x7  
  168  9:30  Roach x3  
  156  9:46  Zerg Melee Weapons Level 2  
  156  9:47  Zergling x12  
  156  9:48  Zergling x12  
  156  9:49  Hive  
  156  9:52  Zerg Flyer Weapons Level 1  
  168  9:57  Hatchery  
  167  10:13  Roach  
  167  10:14  Corruptor x4  
  167  10:15  Corruptor x2  
  167  10:17  Zergling x28  
  193  10:29  Ravager  
  193  10:30  Ravager x5  
  198  10:36  Ravager  
  199  10:45  Pathogen Glands  
  199  11:21  Zerg Ground Armor Level 3, Zerg Missile Weapons Level 3  
  199  11:28  Ultralisk Cavern  
  198  11:43  Extractor  
  198  11:46  Zerg Flyer Armor Level 1  
  198  11:47  Extractor  
  195  12:08  Zergling x2  
  176  12:09  Zergling x18  
  176  12:10  Zergling x42  
  164  12:23  Roach x9  
  164  12:27  Chitinous Plating, Zerg Melee Weapons Level 3  
  159  12:34  Adrenal Glands  
  152  12:45  Zergling x2  
  152  12:46  Zergling x18  
  136  13:13  Ultralisk  
  136  13:14  Ultralisk x8  
  136  13:16  Zergling x2  
  136  13:17  Zergling x14  
  198  13:40  Zergling x2  
  199  13:43  Greater Spire  
  199  13:51  Hatchery  
  198  14:01  Zergling x2  
  189  14:32  Corruptor x5  
  192  14:53  Zergling x2  
  192  14:54  Zergling x14  
Tags
 
Add a new tag
Caveats
  • Supply blocks, unpowered buildings, or Contaminate may cause inaccurate times.
  • Supply counts are checked every 10 seconds.